 Dungeon Crawl Stone Soup version 0.29-a0-757-g358383bc75 (webtiles) character file.

Game seed: 3646105695282333588

6782 zeratav the Grappler (level 10, -3/102 HPs)
             Began as a Troll Fighter on June 30, 2022.
             Was a Follower of Ru.
             Slain by a yak (14 damage)
             ... on level 8 of the Dungeon.
             The game lasted 00:13:38 (6681 turns).

zeratav the Grappler (Troll Fighter)                Turns: 6681, Time: 00:13:39

Health: -3/102     AC:  5    Str: 30    XL:     10   Next: 76%
Magic:  9/9        EV: 12    Int:  7    God:    Ru [*.....]
Gold:   544        SH:  9    Dex:  9    Spells: 9/9 levels left

rFire   . . .      SeeInvis .     - Unarmed
rCold   . . .      Faith    .   b - +0 kite shield
rNeg    . . .      Spirit   .   a - +0 robe
rPois   .          Reflect  .   (helmet restricted)
rElec   .          Harm     .   o - +0 cloak
rCorr   .          Rampage  .   (gloves unavailable)
Will    .....                   (boots unavailable)
Stlth   +.........              (no amulet)
HPRegen 1.07/turn               w - +4 ring of slaying
MPRegen 0.11/turn               z - ring of Brilliance {EV+4 Int+3}

@: no status effects
A: large, unfitting armour, claws 3, regeneration 1, shaggy fur 1, tough skin 1,
inability to train dodging
a: Renounce Religion


You were on level 8 of the Dungeon.
You worshipped Ru.
Ru was aware of your devotion.
You visited 2 branches of the dungeon, and saw 9 of its levels.
You also visited: Bailey.

You collected 544 gold pieces.


Innate Abilities, Weirdness & Mutations

You are too large for most types of armour.
You have claws for hands.
Your natural rate of healing is unusually fast.
You are covered in fur. (AC +1)
You have tough skin. (AC +1)
You cannot train Dodging skill.


   Skills:
 + Level 7.3 Fighting
 + Level 7.4 Throwing
 + Level 8.0 Shields
 + Level 8.8 Unarmed Combat


You had 9 spell levels left.
You didn't know any spells.
Your spell library contained the following spells:

 Spells                   Type           Power      Damage    Failure   Level
 Foxfire                  Conj/Fire      0%         2x1d4     67%         1
 Magic Dart               Conj           0%         1d3       67%         1
 Summon Small Mammal      Summ           0%         N/A       67%         1
 Blink                    Tloc           0%         N/A       80%         2
 Call Imp                 Summ           0%         N/A       80%         2
 Ensorcelled Hibernation  Hex/Ice        0%         N/A       80%         2
 Confusing Touch          Hex            0%         N/A       95%         3
 Conjure Flame            Conj/Fire      0%         6-21      95%         3
 Gell's Gravitas          Tloc           0%         N/A       95%         3
 Ignite Poison            Fire/Tmut/Pois 0%         N/A       95%         3
 Inner Flame              Hex/Fire       0%         N/A       95%         3
 Lesser Beckoning         Tloc           0%         N/A       95%         3
 Mephitic Cloud           Conj/Pois/Air  0%         N/A       95%         3
 Spider Form              Tmut/Pois      0%         N/A       95%         3
 Swiftness                Air            0%         N/A       95%         3
 Teleport Other           Tloc           0%         N/A       95%         3
 Anguish                  Hex/Necr       0%         N/A       100%        4
 Corpse Rot               Necr/Pois/Air  0%         N/A       100%        4
 Flame Wave               Conj/Fire      0%         2d4       100%        4
 Freezing Cloud           Conj/Ice/Air   0%         6-21      100%        5
 Manifold Assault         Tloc           0%         N/A       100%        5
 Silence                  Hex/Air        0%         N/A       100%        5
 Yara's Violent Unravell  Hex/Tmut       0%         3d3       100%        5
 Dispersal                Tloc           0%         N/A       100%        6
 Enfeeble                 Hex            0%         N/A       100%        7
 Haunt                    Necr/Summ      0%         N/A       100%        7

Inventory:

Missiles
 m - 2 javelins {throwing}
 C - 5 boomerangs (quivered) {throwing}
 J - 2 large rocks {=fthrowing}
Armour
 a - a +0 robe (worn)
 b - a +0 kite shield (worn)
 o - a +0 cloak (worn)
   (You found it on level 2 of the Dungeon)
Jewellery
 i - a ring of ice
   (You found it on level 1 of the Dungeon)
 w - a +4 ring of slaying (left claw)
   (You found it on level 3 of the Dungeon)
 y - a ring of see invisible
   (You found it on level 3 of the Dungeon)
 z - the ring of Brilliance (right claw) {EV+4 Int+3}
   (You found it on level 3 of the Dungeon)

   [ring of evasion]

   EV:        It affects your evasion (+4).
   Int:       It affects your intelligence (+3).
Wands
 q - a wand of light (4)
   (You found it on level 6 of the Dungeon)
 E - a wand of flame (5)
   (You took it off an orc on level 4 of the Dungeon)
Scrolls
 d - a scroll of amnesia
 g - a scroll of poison {!r}
 k - 4 scrolls of teleportation {@r4}
 s - 3 scrolls of vulnerability {unknown}
 t - 3 scrolls of fear {unknown}
 u - 3 scrolls of immolation {unknown}
 v - a scroll of enchant armour {unknown}
 B - 2 scrolls of enchant weapon {unknown}
 D - a scroll of blinking {unknown}
 F - a scroll of acquirement {unknown}
 I - 2 scrolls of identify {@r1}
 K - 2 scrolls of fog {unknown}
Potions
 c - 4 potions of might
 e - a potion of haste {unknown}
 f - 5 potions of curing {unknown}
 h - 4 potions of resistance {unknown}
 j - 2 potions of degeneration {unknown}
 l - 2 potions of brilliance {unknown}
 n - a potion of flight {unknown}
 p - 2 potions of heal wounds {unknown}
 r - 6 potions of attraction {unknown}
 x - 2 potions of lignification {unknown}
 A - a potion of invisibility {unknown}
 G - 2 potions of ambrosia {unknown}
 H - 2 potions of mutation {unknown}
 L - a potion of magic {unknown}

Dungeon Overview and Level Annotations

Branches:
Dungeon (8/15) Zot: 26890  Temple (1/1) D:6 Zot: 5981  Bailey (visited)
   Lair: D:8-11

Altars:
Ashenzari
Dithmenos
Elyvilon
Gozag
Hepliaklqana
Kikubaaqudgha
Okawaru
Ru
Sif Muna
Uskayaw
Wu Jian
Zin
The Shining One

Shops:
D:3 :

Annotations:
D:8 Gastronok

##..##...######....
#........###.#.....##
#..........#...?.....
#..............# ....
...........r.###.....
...#..)......##.....
..##.......r##......
.. ##..####Y........
##.......@b......
#.....####.....####
#.###.##.......!..#
#.............##..#
##.>##...#....#...###
#.......#..........#
##.................#
###.###.....<.....#
#..###).#.....#..#


You could see a yak, a river rat (summoned), a bat (summoned) and a rat
(summoned).


Message History

The boomerang {throwing} hits Gastronok!!
You hear a bellow!
A yak comes into view.
Throw: 5 boomerangs {throwing}
Press: ? - help, Q - select action, (/) - cycle Shift-Dir - straight line, f/p - Gastronok
Aim: Gastronok, wearing a +0 hat of willpower (severely wounded, 94% to hit)
You throw a boomerang {throwing}.
The boomerang {throwing} hits Gastronok!
Throw: 5 boomerangs {throwing}
Press: ? - help, Q - select action, (/) - cycle Shift-Dir - straight line, f/p - Gastronok
Aim: Gastronok, wearing a +0 hat of willpower (severely wounded, 94% to hit)
You throw a boomerang {throwing}.
The boomerang {throwing} hits Gastronok.
You claw the yak! The yak gores you.
HP[-2]
You take 2 damage, and now have 100/102 hp.
You mangle the yak!!
You kill the yak!
You block the yak's attack.
HP[+1]
You mangle the yak!! The yak gores you. The yak gores you!
Gastronok waves his eye-stalks in wide circles.
The air twists around and strikes you!!
HP[-44]
You take 44 damage, and now have 57/102 hp.
MASSIVE DAMAGE!! (PAUSE)
You claw the yak! You block the yak's attack.
The yak is stunned by your conviction and fails to attack.
HP[+1]
You mangle the yak!!
You kill the yak!
Gastronok mumbles some strange words.
Gastronok puts on a burst of speed!
Your Shields skill increases to level 8!
HP[+1]
The yak gores you but does no damage.
HP[+1]
You mangle the yak!! You block the yak's attack. The yak gores you.
HP[-2]
You take 2 damage, and now have 58/102 hp.
You mangle the yak!!
You kill the yak!
The yak closely misses you.
HP[+1]
You closely miss the yak. The yak gores you!
* * * LOW HITPOINT WARNING * * *
The yak gores you but does no damage.
HP[-8]
You take 8 damage, and now have 51/102 hp.
You claw the yak! The yak gores you!
* * * LOW HITPOINT WARNING * * *
The yak gores you.
* * * LOW HITPOINT WARNING * * *
Gastronok's eyestalks quiver as he mumbles some strange words.
HP[-14]
You take 14 damage, and now have 37/102 hp.
You barely miss the yak. You block the yak's attack. The yak misses you.
HP[+1]
You scratch the yak. The yak barely misses you. The yak completely misses you.
HP[+1]
You mangle the yak!! The yak closely misses you. The yak gores you!
* * * LOW HITPOINT WARNING * * *
HP[-6]
You take 6 damage, and now have 33/102 hp.
You scratch the yak but do no damage. The yak barely misses you.
The yak misses you.
HP[+1]
You barely miss the yak. You block the yak's attack. The yak gores you!
* * * LOW HITPOINT WARNING * * *
HP[-8]
You take 8 damage, and now have 26/102 hp.
You barely miss the yak.
The river rat twitches its whiskers.
HP[+1]
You mangle the yak!!
You kill the yak!
The yak gores you!
* * * LOW HITPOINT WARNING * * *
HP[-6]
You take 6 damage, and now have 21/102 hp.
HP[+1] HP[+1] HP[+1] HP[+1]
The yak attacks as you move away! The yak barely misses you.
HP[+1] HP[+1] HP[+1]
The yak attacks as you move away! The yak gores you!
* * * LOW HITPOINT WARNING * * *
You block the bat's attack.
HP[-10]
You take 10 damage, and now have 18/102 hp.
The yak attacks as you move away! The yak gores you!
* * * LOW HITPOINT WARNING * * *
The bat hits you but does no damage.
HP[-7]
You take 7 damage, and now have 11/102 hp.
The yak attacks as you move away! The yak gores you!
You die...

Skill      XL: |  1  2  3  4  5  6  7  8  9 10 |
---------------+-------------------------------+-----
Unarmed Combat | 3 4 5 6 7 8 |  8.8
Shields        | 3 4 5 7 8 |  8.0
Throwing       | 1 2 3 5 6 7 |  7.4
Fighting       | 3 4 5 6 7 |  7.3
Dodging        | 0 |  0.0

Action                   |  1- 3 |  4- 6 |  7- 9 | 10-12 || total
-------------------------+-------+-------+-------+-------++-------
Melee: Unarmed           |    98 |   242 |   263 |    77 ||   680
Throw: Boomerang         |       |       |     5 |     8 ||    13
Invok: Sacrifice Nimblen |       |       |       |     1 ||     1
Evoke: Wand              |       |       |       |     1 ||     1
  Use: Scroll            |       |       |     3 |       ||     3
 Stab: Sleeping          |       |     2 |       |       ||     2
Armor: Robe              |    59 |    54 |    28 |     6 ||   147
Dodge: Dodged            |    49 |   107 |   119 |    31 ||   306
Block: Kite shield       |    68 |    91 |    96 |    40 ||   295

Levels and vault maps discovered:
D:1:      dpeg_arrival_water_temple_mockup, layout_basic,
          chequers_serial_rivers_micro_a
D:2:      layout_rooms, minmay_fractal_squares_5
D:3:      minmay_spotlight, layout_loops_corners, overflow_temple_1_default,
          ebering_ecumenical_altar_petrified, serial_shops,
          nicolae_shop_waterfront
D:4:      lemuel_castle_with_subvaults [lemuel_castle_interior_carwin_1],
          layout_gridville, evilmike_ruin_ashenzari, minmay_snake_closets
D:5:      layout_loops_ring, due_unseen_surprise
D:6:      layout_loops_ring, minmay_temple_entry_junction_2, uniq_blork_the_orc
D:7:      layout_rooms, nicolae_tso_besieged_by_evil, enter_bailey_4,
          serial_bayou_crossing
D:8:      kennysheep_blocky_hall, layout_cave_pools, lemuel_doored_altar,
          mainiacjoe_overflow_concentric_impassable, uniq_maggie, uniq_gastronok
Temple:   eino_temple_lava

Notes
Turn   | Place    | Note
-------+----------+-------------------------------------------
     0 | D:1      | zeratav the Troll Fighter began the quest for the Orb.
     0 | D:1      | Reached XP level 1. HP: 22/22 MP: 0/0
     0 | D:1      | magus.rc [v1.9.6]
   170 | D:1      | Reached XP level 2. HP: 29/29 MP: 1/1
   342 | D:1      | Reached skill level 3 in Unarmed Combat
   368 | D:1      | Reached XP level 3. HP: 36/36 MP: 2/2
   408 | D:1      | You pick up a book of Minor Magic and begin reading...
   408 | D:1      | You add the spells Magic Dart, Call Imp and Mephitic Cloud
                  | to your library.
   715 | D:2      | Reached skill level 3 in Shields
   731 | D:2      | HP: 9/36 [rat (1)]
   787 | D:2      | You pick up a book of Misfortune and begin reading...
   787 | D:2      | You add the spells Confusing Touch, Yara's Violent
                  | Unravelling and Enfeeble to your library.
   886 | D:2      | Reached skill level 1 in Throwing
   886 | D:2      | Reached XP level 4. HP: 43/44 MP: 3/3
  1047 | D:2      | Identified the +2 mace "Mariojeh" {freeze, Str+4 Int+4}
  1286 | D:3      | Reached skill level 3 in Fighting
  1412 | D:3      | You pick up a book of Flames and begin reading...
  1412 | D:3      | You add the spells Foxfire, Conjure Flame, Inner Flame and
                  | Flame Wave to your library.
  1499 | D:3      | You add the spells Gell's Gravitas, Teleport Other and
                  | Dispersal to your library.
  1530 | D:3      | Found Veicihy's Book Boutique.
  1626 | D:3      | Found a shadowy altar of Dithmenos.
  1657 | D:3      | Reached XP level 5. HP: 53/53 MP: 4/4
  1665 | D:3      | You add the spells Ignite Poison and Freezing Cloud to your
                  | library.
  1756 | D:3      | You pick up a book of Dreams and begin reading...
  1756 | D:3      | You add the spells Ensorcelled Hibernation, Spider Form and
                  | Anguish to your library.
  1862 | D:3      | Found a faded altar of an unknown god.
  2044 | D:3      | Identified the ring of Brilliance {EV+4 Int+3}
  2328 | D:4      | Reached skill level 2 in Throwing
  2328 | D:4      | Reached skill level 4 in Unarmed Combat
  2451 | D:4      | Reached XP level 6. HP: 61/61 MP: 5/5
  2896 | D:4      | Reached skill level 4 in Shields
  3045 | D:4      | Found a broken altar of Ashenzari.
  3105 | D:4      | You add the spells Summon Small Mammal, Swiftness, Corpse
                  | Rot, Silence and Haunt to your library.
  3105 | D:4      | Got the Almanac of Companions and Feathers
  3407 | D:3      | Reached XP level 7. HP: 49/68 MP: 6/6
  3551 | D:4      | Reached skill level 3 in Throwing
  3642 | D:4      | Reached skill level 4 in Fighting
  3756 | D:5      | Entered Level 5 of the Dungeon
  4049 | D:5      | Reached skill level 5 in Unarmed Combat
  4163 | D:5      | Reached skill level 5 in Shields
  4163 | D:5      | Reached XP level 8. HP: 68/79 MP: 7/7
  4207 | D:5      | Reached skill level 4 in Throwing
  4678 | D:6      | Noticed Blork the orc
  4687 | D:6      | Killed Blork the orc
  4688 | D:6      | Reached skill level 5 in Fighting
  4760 | D:6      | Reached skill level 6 in Unarmed Combat
  4907 | D:6      | Found a staircase to the Ecumenical Temple.
  4926 | D:6      | You pick up a book of Spatial Translocations and begin
                  | reading...
  4926 | D:6      | You add the spells Blink, Lesser Beckoning and Manifold
                  | Assault to your library.
  4933 | Temple   | Entered the Ecumenical Temple
  4943 | Temple   | Became a worshipper of Ru the Awakened
  5106 | D:6      | Reached skill level 5 in Throwing
  5106 | D:6      | Reached XP level 9. HP: 54/88 MP: 8/8
  5331 | D:7      | Found a glowing golden altar of the Shining One.
  5370 | D:7      | Reached skill level 6 in Shields
  5528 | D:7      | Found a flagged portal.
  5554 | Bailey   | Entered a bailey
  5564 | Bailey   | Reached skill level 7 in Unarmed Combat
  5578 | Bailey   | Reached skill level 6 in Fighting
  5584 | Bailey   | HP: 22/89 [human/+2 vorpal hand axe (1)]
  5678 | Bailey   | Reached skill level 6 in Throwing
  5694 | Bailey   | Reached skill level 7 in Shields
  5739 | Bailey   | Reached XP level 10. HP: 81/100 MP: 9/9
  5754 | Bailey   | Noticed a vault guard
  5754 | Bailey   | Noticed Prince Ribbit
  5803 | Bailey   | Killed Prince Ribbit
  5813 | Bailey   | HP: 10/100 [vault guard/+0 broad axe (20)]
  5822 | Bailey   | Killed a vault guard
  5823 | Bailey   | Reached skill level 8 in Unarmed Combat
  5963 | Bailey   | Noticed a vault guard
  6020 | Bailey   | Killed a vault guard
  6273 | D:7      | Reached skill level 7 in Fighting
  6273 | D:7      | Reached skill level 7 in Throwing
  6277 | D:7      | Gained mutation: You cannot train Dodging skill. [Ru
                  | sacrifice]
  6277 | D:7      | Reduced skill Dodging to level 0
  6277 | D:7      | Reached * piety under Ru
  6588 | D:8      | Noticed a two-headed ogre
  6598 | D:8      | Killed a two-headed ogre
  6645 | D:8      | Noticed Gastronok
  6660 | D:8      | Reached skill level 8 in Shields
  6671 | D:8      | HP: 21/102 [yak (8)]
  6679 | D:8      | HP: 17/102 [yak (11)]
  6681 | D:8      | Slain by a yak

Vanquished Creatures
  2 vault guards (Bailey)
  A two-headed ogre (D:8)
  Prince Ribbit (Bailey)
  A vampire (D:6)
  4 yaks (D:8)
  8 humans (Bailey)
  2 ice beasts
  5 black bears
  A centaur (D:5)
  An ogre (D:5)
  3 kobold brigands (D:7)
  Blork the orc (D:6)
  A gnoll sergeant (D:7)
  6 bullfrogs (Bailey)
  2 scorpions
  6 killer bees (D:5)
  7 howler monkeys
  2 jellies
  2 hounds
  2 orc priests
  3 iguanas
  3 orc wizards (D:4)
  24 gnolls
  6 adders
  2 shadow imps
  2 worms
  2 dart slugs
  42 orcs
  10 bats
  7 endoplasms
  3 giant cockroaches
  13 goblins
  12 hobgoblins
  20 jackals
  27 kobolds
  6 quokkas
  15 ball pythons
  6 frilled lizards
  A goblin skeleton (D:7)
  4 hobgoblin zombies (D:7)
  2 kobold skeletons (D:7)
  An orc skeleton (D:7)
  7 rats
276 creatures vanquished.

Vanquished Creatures (others)
  3 plants
3 creatures vanquished.

Grand Total: 279 creatures vanquished

Table legend:
 A = Non-vault XP
 B = Vault XP
 C = Vault XP percentage of total XP
 D = Non-vault monster count
 E = Vault monster count
 F = Vault count percentage of total count
                 A         B        C        D         E       F
            +---------+---------+-------+---------+---------+-------
      Total |    4957 |    4732 |  48.8 |     161 |     115 |  41.7
            +---------+---------+-------+---------+---------+-------
        D:1 |      48 |       0 |   0.0 |      21 |       0 |   0.0
        D:2 |      54 |      13 |  19.4 |      18 |       8 |  30.8
        D:3 |     142 |      22 |  13.4 |      30 |       6 |  16.7
        D:4 |     171 |     503 |  74.6 |      29 |      62 |  68.1
        D:5 |    1082 |       0 |   0.0 |      18 |       0 |   0.0
        D:6 |     702 |      87 |  11.0 |       7 |       1 |  12.5
        D:7 |    1101 |      31 |   2.7 |      33 |      14 |  29.8
        D:8 |    1657 |       0 |   0.0 |       5 |       0 |   0.0
     Bailey |       0 |    4076 | 100.0 |       0 |      24 | 100.0
            +---------+---------+-------+---------+---------+-------

Illustrated notes

Table legend:
 A = Kills in this place as a percentage of kills in entire the game.
 B = Kills by you in this place as a percentage of kills by you in the entire game.
 C = Kills by friends in this place as a percentage of kills by friends in the entire game.
 D = Other kills in this place as a percentage of other kills in the entire game.
 E = Experience gained in this place as a percentage of experience gained in the entire game.
 F = Experience gained in this place divided by the number of levels of this place that you have seen.
                   A       B       C       D       E      F
               +-------+-------+-------+-------+-------+----------------------
         Total | 100.0 | 100.0 |   N/A |   N/A | 100.0 | 968.9
       Dungeon |  91.3 |  91.3 |   N/A |   N/A |  57.9 | 701.6
        Bailey |   8.7 |   8.7 |   N/A |   N/A |  42.1 | 4076.0
               +-------+-------+-------+-------+-------+----------------------

Table legend: (Time is in decaauts)
 A = Elapsed time spent in this place.
 B = Non-inter-level travel time spent in this place.
 C = Inter-level travel time spent in this place.
 D = Time resting spent in this place.
 E = Time spent auto-exploring this place.
 F = Levels seen in this place.
 G = Mean time per level.
                   A        B        C        D        E       F      G
               +--------+--------+--------+--------+--------+-----+--------+
         Total |   6728 |   6445 |    283 |    352 |   4310 |  10 |  672.8 |
       Dungeon |   6107 |   5840 |    267 |    201 |   4208 |   8 |  763.4 |
        Temple |     18 |      2 |     16 |      0 |      0 |   1 |   18.0 |
        Bailey |    602 |    602 |      0 |    151 |    102 |   1 |  602.0 |
               +--------+--------+--------+--------+--------+-----+--------+

Top non-repeatable levels by time:
     D:4: 1648 daAuts
     D:3: 906 daAuts
     D:5: 853 daAuts
     D:1: 703 daAuts
     D:6: 701 daAuts
     D:7: 661 daAuts
  Bailey: 602 daAuts
     D:2: 523 daAuts
     D:8: 109 daAuts
  Temple: 18 daAuts
